AoeStats
← the.rock.one

Arena

509215783Analyzed
4v4 RM · 7d ago on Sep 25, 2026· 47m 55s· 8 players
Game mode
Random Map
Map size
Large (8 player)
Population
200
Speed
Normal
Resources
Standard
Victory
Conquest
Starting age
Dark Age
Ending age
Imperial Age
RankedLock teamsTeams togetherTeam positionsShared explorationLock speedFull tech treeHidden civsTurbo modeCheats
Victory
Defeat
🇲🇽 Franks · Mexico
933
+17
🇺🇸 Muisca · United States
921
+18
🇹🇷 Vikings · Türkiye
870
+20
🇪🇨 Vietnamese · Ecuador
857
+20
🇩🇪 Japanese · Germany
1050
-23
🇩🇪 Franks · Germany
1009
-21
🇩🇪 Vietnamese · Germany
992
-20
🇩🇪 Khmer · Germany
770
-11
sebchenko34
0:30 Loom
4:19 Loom
10:19 Feudal Age
11:05 Horse Collar
11:11 Double-Bit Axe
12:02 Wheelbarrow
19:05 Castle Age
17:08 Gold Mining
20:21 Hand Cart
20:17 Bow Saw
20:13 Heavy Plow
20:42 Stone Mining
24:15 Caravan
28:33 Fletching
28:44 Padded Archer Armor
28:55 Thumb Ring
28:33 Elite Skirmisher
29:45 Bodkin Arrow
30:39 Ballistics
33:54 Imperial Age
32:36 Stone Shaft Mining
32:20 Leather Archer Armor
33:58 Elite Rattan Archer
34:59 Paper Money
34:03 Imperial Skirmisher
35:48 Chemistry
35:52 Two-Man Saw
34:32 Light Cavalry
36:34 Cavalier
37:20 Bracer
37:26 Scale Barding Armor
37:21 Scale Mail Armor
38:10 Husbandry
39:17 Chain Barding Armor
39:28 Ring Archer Armor
40:28 Bloodlines
40:36 Chain Mail Armor
41:03 Crop Rotation
40:48 Guilds
42:59 Elite Battle Elephant
44:25 Chatras
45:05 Plate Barding Armor
45:36 Coinage
46:50 Banking
46:04 Treadmill Crane
46:46 Onager
Gbetosaurus
8:32 Feudal Age
9:58 Double-Bit Axe
14:08 Horse Collar
14:49 Loom
20:05 Castle Age
18:24 Gold Mining
19:05 Padded Archer Armor
20:29 Fletching
21:08 Leather Archer Armor
21:00 Heavy Plow
21:24 Bow Saw
21:46 Stone Mining
23:00 Gold Shaft Mining
25:38 Town Watch
31:04 Imperial Age
28:52 Crossbowman
31:44 Bodkin Arrow
35:22 Arbalester
36:16 Bracer
37:08 Wheelbarrow
37:58 Thumb Ring
37:55 Herbalism
38:15 Conscription
45:24 Masonry
44:56 Treadmill Crane
45:46 Masonry
48:23 Ballistics
49:04 Chemistry
rick_m94
9:28 Feudal Age
16:45 Castle Age
16:47 Double-Bit Axe
18:52 Loom
25:04 Wheelbarrow
25:34 Scale Barding Armor
25:42 Forging
26:16 Hand Cart
26:43 Bow Saw
27:48 Husbandry
28:49 Chain Barding Armor
30:35 Town Watch
31:24 Gold Mining
31:26 Stone Mining
32:24 Iron Casting
33:26 Squires
33:11 Gambesons
32:47 Pikeman
33:51 Scale Mail Armor
41:07 Imperial Age
38:39 Town Patrol
39:22 Gold Shaft Mining
39:06 Chain Mail Armor
40:14 Fletching
40:25 Padded Archer Armor
41:28 Treadmill Crane
41:16 Elite Skirmisher
41:25 Halberdier
42:53 Plate Barding Armor
43:19 Blast Furnace
42:22 Chivalry
42:43 Conscription
43:03 Imperial Skirmisher
44:48 Chemistry
44:09 Ballistics
43:41 Cavalier
45:11 Paladin
47:02 Plate Mail Armor
46:29 Bodkin Arrow
46:50 Leather Archer Armor
12121212
1:08 Loom
12:17 Feudal Age
13:09 Double-Bit Axe
13:06 Horse Collar
18:54 Castle Age
17:13 Stone Mining
18:08 Scale Mail Armor
18:24 Gold Mining
18:53 Forging
20:12 Bow Saw
23:07 Heavy Plow
24:13 Squires
24:54 Caravan
25:06 Pikeman
31:59 Arson
35:03 Imperial Age
33:56 Gold Shaft Mining
34:45 Chain Mail Armor
34:32 Padded Archer Armor
39:40 Town Watch
39:30 Capped Ram
40:06 Elite Varangian Guard
45:23 Crop Rotation
44:56 Town Patrol
46:58 Elite Berserk
47:39 Chieftains
48:01 Conscription
LaLoLo
10:58 Feudal Age
15:10 Castle Age
13:50 Double-Bit Axe
14:23 Horse Collar
17:58 Wheelbarrow
17:46 Gold Mining
22:23 Scale Mail Armor
24:30 Chain Mail Armor
28:07 Heavy Plow
32:32 Imperial Age
32:23 Forging
32:09 Loom
32:11 Town Watch
33:28 Fletching
34:14 Iron Casting
34:12 Plate Mail Armor
34:18 Iron Casting
34:07 Conscription
37:33 Hand Cart
37:19 Bodkin Arrow
40:56 Pikeman
41:38 Squires
42:40 Blast Furnace
41:40 Halberdier
the.rock.one
13:01 Feudal Age
11:17 Loom
20:03 Castle Age
23:10 Crossbowman
26:48 Padded Archer Armor
26:38 Fletching
27:51 Horse Collar
27:59 Double-Bit Axe
30:01 Bodkin Arrow
31:12 Wheelbarrow
30:25 Town Watch
32:00 Leather Archer Armor
32:42 Gold Mining
32:47 Stone Mining
33:14 Hand Cart
41:01 Imperial Age
39:08 Town Patrol
40:05 Scale Barding Armor
40:12 Forging
42:25 Chain Barding Armor
43:54 Plate Barding Armor
43:20 Bracer
43:51 Ring Archer Armor
43:29 Elite Ballista Elephant
44:52 Arbalester
46:58 Conscription
47:26 Double Crossbow
schmischnu
3:07 Loom
12:27 Feudal Age
17:14 Castle Age
17:35 Wheelbarrow
19:12 Horse Collar
18:57 Pikeman
20:29 Fletching
20:40 Padded Archer Armor
21:41 Bodkin Arrow
22:35 Stone Mining
22:37 Gold Mining
23:36 Double-Bit Axe
25:39 Leather Archer Armor
26:32 Crossbowman
31:35 Elite Skirmisher
36:00 Imperial Age
33:46 Hand Cart
34:27 Bow Saw
38:52 Bracer
39:23 Ring Archer Armor
38:36 Imperial Skirmisher
40:27 Ballistics
41:34 Chemistry
43:17 Murder Holes
The_King308
13:31 Feudal Age
24:24 Castle Age
24:43 Wheelbarrow
23:55 Town Watch
23:58 Loom
26:06 Double-Bit Axe
26:37 Forging
26:33 Scale Barding Armor
26:36 Husbandry
28:26 Hand Cart
30:30 Gold Mining
30:35 Stone Mining
31:28 Iron Casting
36:50 Imperial Age
34:32 Town Patrol
38:49 Blast Furnace
38:11 Chain Barding Armor
38:53 Cavalier
42:08 Paladin
44:19 Bow Saw
44:01 Ordonnance Companies
Connection lost

Rejoining the realm…

Still unreachable

The connection could not be restored.

Session expired

The server has moved on; the page needs a fresh start.